 Dungeon Crawl Stone Soup version 0.22-a0-456-g11ed031617 (webtiles) character file.

260 Kriby the Archer (level 5, -10/46 HPs)
             Began as a Centaur Hunter on June 7, 2018.
             Killed by divine providence
             ... invoked by an orc priest
              (12 damage)
             ... on level 4 of the Dungeon.
             The game lasted 00:03:13 (4752 turns).

Kriby the Archer (Centaur Hunter)                   Turns: 4752, Time: 00:03:14

Health: -10/46     AC:  9    Str: 15    XL:     5   Next: 95%
Magic:  5/5        EV:  4    Int: 10    God:
Gold:   200        SH:  0    Dex: 10    Spells: 4/4 levels left

rFire    . . .     SeeInvis .   b - +0 short sword
rCold    . . .     Gourm    .   (no shield)
rNeg     . . .     Faith    .   t - +0 chain mail
rPois    .         Spirit   .   w - +1 helmet
rElec    .         Reflect  .   (no cloak)
rCorr    .         Harm     .   (no gloves)
MR       .....                  (no barding)
Stlth    ..........             (no amulet)
HPRegen  0.15/turn              (no ring)
MPRegen  0.09/turn              (no ring)

@: drained, very quick
A: large, hooves 3, deformed body, speed 2, tough skin 3
a: no special abilities


You were on level 4 of the Dungeon.
You were not hungry.

You visited 1 branch of the dungeon, and saw 4 of its levels.

You collected 200 gold pieces.

Inventory:

Hand Weapons
 a - a +1 shortbow
 b - a +0 short sword (weapon)
Missiles
 d - 31 arrows
 e - a throwing net (quivered)
Armour
 c - a +0 leather armour
 j - a +0 ring mail
 t - a +0 chain mail (worn)
 w - a +1 helmet (worn)
Jewellery
 u - an uncursed ring of protection from cold {unknown}
 x - an uncursed ring of protection from magic {unknown}
Scrolls
 h - a scroll of teleportation {unknown}
 i - a scroll of noise {unknown}
 k - a scroll of fear {unknown}
 l - 2 scrolls of magic mapping {unknown}
 m - a scroll of remove curse {unknown}
 n - 6 scrolls of identify {unknown}
 q - 2 scrolls of fog {unknown}
Potions
 o - a potion of haste {unknown}
Comestibles
 f - 5 rations {@e1}
 g - a chunk of flesh


   Skills:
 + Level 3.8(3.3) Fighting
 * Level 8.4(7.8) Bows
 - Level 1.3(0.9) Dodging
 - Level 0.4(0.0) Stealth


You had 4 spell levels left.
You didn't know any spells.
Your spell library was empty.

Dungeon Overview and Level Annotations

Branches:
Dungeon (4/15)
 Temple: D:4-7

Altars:
Trog


Innate Abilities, Weirdness & Mutations

You have hooves in place of feet.
Armour fits poorly on your strangely shaped body.
You cover ground very quickly.
You have extremely tough skin. (AC +3)


Message History

An orc priest comes into view. It is wielding a falchion.
The orc priest calls down the wrath of Beogh upon you.
Beogh smites you! The orc hits you but does no damage.
You hit the orc priest but do no damage.
You kick the orc priest!
The orc priest is almost dead.
The orc hits you.
The orc priest invokes the aid of Beogh against you.
Beogh smites you! The orc barely misses you.
You hit the orc priest but do no damage.
The orc priest is almost dead.
The orc hits you but does no damage.
The orc priest hits you with a flail of draining!
You feel drained. The orc barely misses you. The orc hits you with a club.
The orc priest invokes the aid of Beogh against you.
Beogh smites you!
* * * LOW HITPOINT WARNING * * *
The orc priest mumbles some strange prayers to Beogh against you.
Beogh smites you!
You die...

#....##..##
##.#####..# #[.#
#..# #.## #..# #.#
#..# #.# #..## #.#
#...#
######.######o#.#
..........@...o..#
#######..######oo#
#..# #o.# #..#
#<.# #..# #..#
#..# .... #..!
##.## ...# .# .#


You could see 2 orc priests and 2 orcs.

Vanquished Creatures
  An orc priest (D:3)
  An orc wizard (D:3)
  Natasha (D:3)
  Robin (D:3)
  5 adders
  An ooze (D:3)
  3 worms
  3 dart slugs
  6 leopard geckos
  9 orcs
  6 bats
  4 giant cockroaches
  14 goblins
  7 hobgoblins
  4 jackals (D:4)
  A quokka (D:3)
  3 ball pythons
  5 frilled lizards
  7 kobolds
  5 rats
87 creatures vanquished.

Notes
Turn   | Place    | Note
-------+----------+-------------------------------------------
     0 | D:1      | Kriby the Centaur Hunter began the quest for the Orb.
     0 | D:1      | Reached XP level 1. HP: 17/17 MP: 1/1
   113 | D:1      | Reached XP level 2. HP: 24/24 MP: 2/2
   450 | D:1      | Reached skill level 6 in Bows
   956 | D:2      | Found a bloodstained altar of Trog.
  1008 | D:2      | Reached XP level 3. HP: 30/30 MP: 3/3
  2264 | D:2      | Reached XP level 4. HP: 34/37 MP: 4/4
  2644 | D:3      | Reached skill level 7 in Bows
  2733 | D:3      | Noticed Robin
  2739 | D:3      | Killed Robin
  2909 | D:3      | Reached XP level 5. HP: 41/45 MP: 5/5
  3367 | D:3      | Reached skill level 8 in Bows
  3472 | D:3      | Noticed Natasha
  3493 | D:3      | HP: 2/45 [bat (1)]
  3496 | D:3      | Killed Natasha
  3499 | D:3      | HP: 2/46 [bat (1)]
  4749 | D:4      | HP: 2/46 [orc priest/divine providence (13)]
  4752 | D:4      | Killed from afar by an orc priest

Vault maps used:
D:1:      tarquinn_simple_flora_water_d, minivault_4
D:2:      lemuel_round_altar
D:3:      serial_co_window_serial, co_window_of_opportunity_a,
          co_window_paths_b, co_window_corner_a, co_window_paths_b,
          co_window_paths_a, co_window_cross_2, co_window_corner_ca,
          co_window_paths_c, co_window_paths_c, co_window_paths_e,
          co_window_4corner_b, glass_columns_c, glass_columns_a,
          glass_columns_c, glass_columns_a, uniq_robin, uniq_natasha
D:4:      lemuel_round_altar, first_ration, small_statue_intersection,
          grunt_decor_mini_mirrors

Skill      XL: |  1  2  3  4  5 |
---------------+----------------+-----
Bows           | 6 7 8 |  8.4
Fighting       | 3 |  3.8
Dodging        | |  1.3
Stealth        | |  0.4

Action                   |  1- 3 |  4- 6 || total
-------------------------+-------+-------++-------
Melee: Short sword       |   103 |   191 ||   294
       Kick              |    18 |    36 ||    54
 Fire: Shortbow          |    29 |    23 ||    52
  Use: Potion            |       |     5 ||     5
  Eat: Chunk             |     1 |     6 ||     7
       Ration            |       |     1 ||     1
Armor: Ring mail         |    31 |       ||    31
       Leather armour    |     2 |       ||     2
       Chain mail        |    10 |   148 ||   158
       Skin              |       |     7 ||     7
Dodge: Dodged            |    43 |    50 ||    93

Table legend:
 A = Spawn XP
 B = Non-spawn XP
 C = Spawn XP percentage of total XP
 D = Spawn monster count
 E = Non-spawn monster count
 F = Spawn count percentage of total count
 G = Total turns spent on level
                    A         B        C        D         E        F      G
               +---------+---------+-------+---------+---------+-------+---------
         Total |       0 |     372 |   0.0 |       0 |      87 |   0.0 |  4752
               +---------+---------+-------+---------+---------+-------+---------
           D:1 |       0 |      37 |   0.0 |       0 |      20 |   0.0 |   851
           D:2 |       0 |      61 |   0.0 |       0 |      19 |   0.0 |  1561
           D:3 |       0 |     247 |   0.0 |       0 |      41 |   0.0 |  2094
           D:4 |       0 |      27 |   0.0 |       0 |       7 |   0.0 |   246
               +---------+---------+-------+---------+---------+-------+---------
